 Dungeon Crawl Stone Soup version 0.25.1-2-g60ff931df9 (webtiles) character file.

Game seed: 6905579312919966720

270 Fanfaron the Ruffian (level 6, -8/42 HPs)
             Began as an Octopode Fighter on Aug 4, 2020.
             Mangled by a gnoll
             ... wielding a +0 flail
              (10 damage)
             ... on level 4 of the Dungeon.
             The game lasted 00:08:45 (3011 turns).

Fanfaron the Ruffian (Octopode Fighter)             Turns: 3011, Time: 00:08:46

Health: -8/42      AC:  1    Str: 17    XL:     6   Next: 22%
Magic:  15/15      EV: 11    Int: 10    God:
Gold:   170        SH:  9    Dex: 12    Spells: 5/5 levels left

rFire    . . .     SeeInvis .     - Unarmed
rCold    . . .     Gourm    .   a - +0 kite shield
rNeg     . . .     Faith    .   (helmet restricted)
rPois    +         Spirit   .   (no amulet)
rElec    .         Reflect  .   k - ring of magical power
rCorr    .         Harm     .   l - ring of poison resistance
MR       .....                  (no ring)
Stlth    ++++......             (no ring)
HPRegen  0.14/turn              (no ring)
MPRegen  0.14/turn              (no ring)
                                (no ring)
                                (no ring)

@: no status effects
A: almost no armour, stealthy swim, amphibious, 8 rings, constrict 8, camouflage
1, gelatinous body 1
a: no special abilities


You were on level 4 of the Dungeon.
You were very hungry.

You visited 1 branch of the dungeon, and saw 4 of its levels.

You collected 170 gold pieces.

Inventory:

Missiles
 f - 17 poisoned darts (quivered)
 r - 3 boomerangs
Armour
 a - a +0 kite shield (worn)
Jewellery
 k - a ring of magical power (left tentacle)
 l - a ring of poison resistance (right tentacle)
Scrolls
 d - 4 scrolls of remove curse {unknown}
 e - 2 scrolls of magic mapping {unknown}
 g - a scroll of amnesia {unknown}
 h - 2 scrolls of identify {unknown}
 j - 2 scrolls of noise {unknown}
 n - a scroll of fog {unknown}
Potions
 b - 2 potions of might
 i - a potion of brilliance {unknown}
 m - a potion of mutation {unknown}
 o - a potion of curing {unknown}
 p - 2 potions of stabbing {unknown}
 q - 2 potions of lignification {unknown}
Comestibles
 c - 12 rations


   Skills:
 - Level 3.0 Fighting
 + Level 1.7 Throwing
 - Level 3.0 Dodging
 + Level 4.3 Stealth
 - Level 3.0 Shields
 * Level 5.0 Unarmed Combat


You had 5 spell levels left.
You didn't know any spells.
Your spell library was empty.

Dungeon Overview and Level Annotations

Branches:
Dungeon (4/15)
 Temple: D:4-7

Altars:
Sif Muna

Annotations:
D:3 1 runed translucent door, Crazy Yiuf


Innate Abilities, Weirdness & Mutations

You cannot wear most types of armour.
You are very stealthy in the water. (Stealth+)
You are amphibious.
You can wear up to eight rings at the same time.
You can use your tentacles to constrict eight enemies at once.
Your skin changes colour to match your surroundings (Stealth+).
Your rubbery body absorbs attacks. (AC +1, EV +1)


Message History

The gnoll is severely wounded.
You constrict the gnoll.
You kill the gnoll!
Found a ration.
You see here a +0 flail.
A gnoll comes into view. It is wielding a +0 halberd.
Throwing (i - inventory. (/) - cycle)
f - 18 poisoned darts (quivered)
Press: ? - help, Shift-Dir - straight line, f - gnoll
Aim: a gnoll, wielding a +0 halberd (wandering, hasn't noticed you)
You throw a poisoned dart. The poisoned dart hits the gnoll.
The gnoll is poisoned.
The gnoll shouts!
The gnoll zaps a wand.
The mass of ice explodes!
The iceblast engulfs you!
The gnoll zaps a wand.
The mass of ice explodes!
The iceblast engulfs you!
* * * LOW HITPOINT WARNING * * *
The gnoll looks more healthy.
The gnoll zaps a wand.
The mass of ice explodes!
The iceblast engulfs you!
* * * LOW HITPOINT WARNING * * *
The gnoll hits you with a +0 flail!
You die...

.^....
#..#
### ..#
(..% .
# ###
#...##
. .# #
#..#.
.##.#
#...
#...
#..##.#
#.gg.#
###@.#
#.)#
#..#
#.)#
##..#
#...#
#...#
#...#
#..##


You could see 2 gnolls.

Vanquished Creatures
  A scorpion (D:4)
  2 orc priests (D:3)
  Jessica (D:2)
  A gnoll (D:4)
  4 adders
  3 worms
  3 dart slugs
  4 leopard geckos
  6 orcs (D:3)
  11 giant cockroaches
  8 goblins
  4 hobgoblins
  9 kobolds
  A quokka (D:3)
  A ball python (D:2)
  3 bats
  5 frilled lizards
  6 rats
  2 fungi (D:3)
75 creatures vanquished.

Notes
Turn   | Place    | Note
-------+----------+-------------------------------------------
     0 | D:1      | Fanfaron the Octopode Fighter began the quest for the Orb.
     0 | D:1      | Reached XP level 1. HP: 16/16 MP: 1/1
    60 | D:1      | Reached skill level 1 in Stealth
    82 | D:1      | Reached XP level 2. HP: 21/21 MP: 2/2
   611 | D:2      | Reached skill level 3 in Unarmed Combat
   703 | D:2      | Reached XP level 3. HP: 26/26 MP: 3/3
   991 | D:2      | Noticed Jessica
  1011 | D:2      | Killed Jessica
  1011 | D:2      | Reached XP level 4. HP: 26/31 MP: 4/4
  1460 | D:3      | Reached skill level 4 in Unarmed Combat
  1841 | D:3      | Reached XP level 5. HP: 36/36 MP: 5/5
  1876 | D:3      | Reached skill level 1 in Throwing
  2451 | D:3      | Found a runed translucent door.
  2452 | D:3      | Noticed Crazy Yiuf
  2635 | D:4      | Reached skill level 5 in Unarmed Combat
  2635 | D:4      | Reached XP level 6. HP: 27/42 MP: 6/6
  2867 | D:4      | Found a shimmering blue altar of Sif Muna.
  3010 | D:4      | HP: 1/42 [gnoll/iceblast (11)]
  3011 | D:4      | Mangled by a gnoll

Illustrated notes

Levels and vault maps discovered:
D:1:      ebering_trefoil_3fold, layout_basic
D:2:      minmay_roachtagon, layout_basic, minmay_fountain_box, uniq_jessica
D:3:      layout_rooms, uniq_crazy_yiuf_cottage
D:4:      kennysheep_big_flooded_room, layout_rooms, lemuel_blue_sif_altar,
          first_ration

Skill      XL: |  1  2  3  4  5 |
---------------+----------------+-----
Stealth        | 1 2 3 4 |  4.3
Unarmed Combat | 3 4 5 |  5.0
Throwing       | 1 |  1.7
Fighting       | |  3.0
Dodging        | |  3.0
Shields        | |  3.0

Action                   |  1- 3 |  4- 6 || total
-------------------------+-------+-------++-------
Melee: Unarmed           |    34 |    95 ||   129
       Constrict         |    13 |    31 ||    44
       Tentacles         |     6 |    22 ||    28
       Punch             |     2 |     4 ||     6
Throw: Dart              |    30 |    32 ||    62
 Stab: Sleeping          |     1 |     1 ||     2
       Distracted        |       |     1 ||     1
  Eat: Chunk             |       |     5 ||     5
Armor: Skin              |     1 |     7 ||     8
Dodge: Dodged            |    13 |    37 ||    50
Block: Kite shield       |    11 |    32 ||    43
